 Dungeon Crawl Stone Soup version 0.28-a0-313-gbc0475efdd (webtiles) character file.

Game seed: 7599831057102781143

23821 Smaepdii the Thaumaturge (level 13, -4/117 (121) HPs)
             Began as a Gnoll Wanderer on Sept 1, 2021.
             Was the Champion of Ru.
             Slain by an eight-headed hydra (11 damage)
             ... on level 2 of the Lair of Beasts.
             The game lasted 01:47:42 (18865 turns).

Smaepdii the Thaumaturge (Gnoll Wanderer)          Turns: 18865, Time: 01:47:42

HP:   -4/117 (121)  AC:  9    Str: 15    XL:     13   Next: 9%
MP:   31/35         EV: 13    Int: 22    God:    Ru [******]
Gold: 807           SH:  0    Dex:  9    Spells: 4/30 levels left

rFire   x . .      SeeInvis +     - Unarmed
rCold   + + +      Faith    .   (shield currently unavailable)
rNeg    . . .      Spirit   .   (armour currently unavailable)
rPois   +          Reflect  .   (helmet currently unavailable)
rElec   .          Harm     .   (cloak currently unavailable)
rCorr   .          Rampage  .   (gloves currently unavailable)
Will    .....                   (boots currently unavailable)
Stlth   ++++......              K - amulet of Qyer {Acrobat rPois Str+4 Int+2 SInv}
HPRegen 0.29/turn               n - ring of magical power
MPRegen 0.24/turn               j - +4 ring of evasion

@: ice-form, lightly drained, unable to read
A: freezing attack, amphibious, boosted hp, large, (fangs 1), inability to read
while threatened, inability to use devices, inability to train dodging,
inability to train armour, strong nose, distributed training
a: End Transformation, Renounce Religion, Draw Out Power, Power Leap, Apocalypse


You were on level 2 of the Lair of Beasts.
You worshipped Ru.
Ru was exalted by your worship.
You were a creature of crystalline ice.
You visited 2 branches of the dungeon, and saw 13 of its levels.
You also visited: Sewer.

You collected 835 gold pieces.
You spent 28 gold pieces at shops.

Inventory:

Hand Weapons
 w - a +1 hand crossbow of freezing
Missiles
 a - 446 stones
 m - 4 javelins
 x - 91 bolts
Armour
 k - a +2 hat of willpower (melded)
 s - a +2 robe of cold resistance (melded)
 t - a +1 pair of boots (melded)
 u - a +0 cloak (melded)
 I - +0 steam dragon scales
 M - a +2 robe of positive energy
Magical Staves
 l - a staff of poison (melded)
 L - a staff of fire
Jewellery
 e - a +6 ring of intelligence
 f - an amulet of regeneration
 h - a ring of flight
 j - a +4 ring of evasion (right front paw)
 n - a ring of magical power (left front paw)
 A - a ring of positive energy
 E - a ring of willpower
 J - an amulet of guardian spirit
 K - the amulet of Qyer (around neck) {Acrobat rPois Str+4 Int+2 SInv}
   (You found it on level 9 of the Dungeon)

   [amulet of the acrobat]

   It increases your evasion while moving and waiting.
   Str:       It affects your strength (+4).
   Int:       It affects your intelligence (+2).
   rPois:     It protects you from poison.
   SInv:      It lets you see invisible.
 O - an amulet of magic regeneration
 P - a ring of fire
Scrolls
 g - 2 scrolls of enchant armour
 i - a scroll of torment
 y - 3 scrolls of fear
 z - 9 scrolls of teleportation
Potions
 b - a potion of cancellation
 c - a potion of magic {unknown}
 d - 3 potions of brilliance
 o - 2 potions of degeneration
 p - 2 potions of attraction
 q - 2 potions of flight
 r - 2 potions of curing
 v - 2 potions of might
 C - 2 potions of lignification
 D - a potion of haste {unknown}
 G - a potion of invisibility {unknown}
 H - a potion of resistance {unknown}


   Skills:
 + Level 9.2 Fighting
 + Level 7.9 Short Blades
 + Level 7.9 Long Blades
 + Level 7.9 Axes
 + Level 7.9 Maces & Flails
 + Level 7.9 Polearms
 + Level 8.4 Staves
 + Level 7.9 Slings
 + Level 7.9 Bows
 + Level 7.9 Crossbows
 + Level 7.9 Throwing
   Level 0.0 Armour
   Level 0.0 Dodging
 + Level 8.3 Stealth
 + Level 7.9 Shields
 + Level 7.9 Unarmed Combat
 + Level 9.4 Spellcasting
 + Level 6.6 Conjurations
 + Level 6.6 Hexes
 + Level 7.7 Summonings
 + Level 6.6 Necromancy
 + Level 6.6 Translocations
 + Level 6.6 Transmutations
 + Level 6.6 Fire Magic
 + Level 6.6 Ice Magic
 + Level 6.6 Air Magic
 + Level 6.6 Earth Magic
 + Level 7.0 Poison Magic
 + Level 8.7 Invocations
   Level 0.0 Evocations


You had 4 spell levels left.
You knew the following spells:

 Your Spells              Type           Power      Damage    Failure   Level
a - Sting                 Tmut/Pois      100%       1d8       1%          1
b - Blink                 Tloc           N/A        N/A       1%          2
c - Slow                  Hex            39%        N/A       1%          2
d - Fulminant Prism       Conj/Hex       19%        3d11      4%          4
e - Spider Form           Tmut/Pois      20%        N/A       1%          3
f - Conjure Flame         Conj/Fire      39%        6-21      1%          3
g - Mephitic Cloud        Conj/Pois/Air  40%        N/A       1%          3
h - Ice Form              Ice/Tmut       39%        N/A       4%          4
i - Dispel Undead         Necr           39%        3d16      4%          4

Your spell library contained the following spells:

 Spells                   Type           Power      Damage    Failure   Level
 Beastly Appendage        Tmut           78%        N/A       1%          1
 Magic Dart               Conj           100%       1d8       1%          1
 Pain                     Necr           100%       1d9       1%          1
 Summon Small Mammal      Summ           100%       N/A       1%          1
 Call Imp                 Summ           44%        N/A       1%          2
 Corpse Rot               Necr/Air       N/A        N/A       1%          2
 Ensorcelled Hibernation  Hex/Ice        78%        N/A       1%          2
 Searing Ray              Conj           78%        3d6       1%          2
 Wereblood                Tmut           39%        N/A       1%          2
 Call Canine Familiar     Summ           44%        N/A       1%          3
 Confusing Touch          Hex            39%        N/A       1%          3
 Summon Guardian Golem    Hex/Summ       41%        N/A       1%          3
 Vampiric Draining        Necr           19%        2d8       1%          3
 Hailstorm                Conj/Ice       39%        3d9       4%          4
 Manifold Assault         Tloc           39%        N/A       12%         5
 Yara's Violent Unravell  Hex/Tmut       19%        3d9       12%         5
 Death Channel            Necr           19%        N/A       54%         6
 Simulacrum               Ice/Necr       19%        N/A       54%         6


Dungeon Overview and Level Annotations

Branches:
Dungeon (10/15)            Temple (0/1) D:6            Lair (3/6) D:10
 Shoals (0/4) Lair:2       Spider (0/4) Lair:3          Orc (0/2) D:9
  Sewer (visited)

Altars:
Fedhas
Hepliaklqana
Ru
Yredelemnul
Zin
The Shining One

Shops:
D:3 =   D:4 (   D:5 (:?   D:6 *

Annotations:
D:8 2 transporters
Lair:1 exclusion: oklob plant


Innate Abilities, Weirdness & Mutations

You are a creature of crystalline ice.
You have a powerful freezing melee attack.
You are amphibious.
Your maximum health is increased.
Your armour is entirely melded.
You are incapable of wielding weapons or throwing items.
((You have very sharp teeth.))
You sometimes lose the ability to read scrolls when taking damage.
You cannot study or use magical devices.
You cannot train Dodging skill.
You cannot train Armour skill.
Your uncanny sense of smell can sniff out nearby items.
Your experience applies equally to all skills.


Message History

Your +1 pair of boots melds into your body.
Your +2 robe of cold resistance melds into your body.
You feel less strong-willed.
You feel less resistant to cold.
You can read scrolls again.
The elephant tramples you!
You hold your ground!
The elephant barely misses you.
The eight-headed hydra closely misses you.
The eight-headed hydra bites you.
The eight-headed hydra closely misses you.
The eight-headed hydra bites you!
The eight-headed hydra bites you but does no damage. x3
The eight-headed hydra barely misses you.
You hit the elephant but do no damage. The elephant barely misses you.
The elephant trunk-slaps you.
The eight-headed hydra closely misses you.
The eight-headed hydra barely misses you.
The eight-headed hydra closely misses you.
The eight-headed hydra barely misses you.
The eight-headed hydra completely misses you.
The eight-headed hydra bites you but does no damage.
The eight-headed hydra bites you.
The eight-headed hydra closely misses you.
You punch the elephant! You freeze the elephant!
The elephant is moderately wounded.
The elephant tramples you but does no damage.
The elephant completely misses you.
The eight-headed hydra completely misses you.
The eight-headed hydra bites you but does no damage.
The eight-headed hydra bites you!
You feel threatened and lose the ability to read scrolls!
* * * LOW HITPOINT WARNING * * *
The eight-headed hydra bites you!
* * * LOW HITPOINT WARNING * * *
The eight-headed hydra bites you!
* * * LOW HITPOINT WARNING * * *
The eight-headed hydra bites you.
* * * LOW HITPOINT WARNING * * *
You focus your inner power and illuminate the eight-headed hydra in retribution!
The eight-headed hydra bites you!
You die...

##......}##......#
#......#.#....####
###......##..#...#.######
#......###..............#
###.....##
#..............#
##......#.#
#..............##
.#.....####
#...............#
#.....P#
#..Y.D..........#
.....###
##..Y...........## .....#
##.............[..####
...P##
##.#.................#.
..P##
###.#.............###.†.#
..## #...###..........##
###.. ### ###.P##
#.........## ##. #
##...## ##........# ## ##
##....# ###......# #
.####.....# ###..P.#


You could see an eight-headed hydra (corona) and an elephant.

Vanquished Creatures
  Gastronok (Lair:2)
  Fannar (D:10)
  An ice dragon (D:9)
  A hydra (Lair:1)
  A boulder beetle (D:9)
  A catoblepas (Lair:2)
  A centaur warrior (D:10)
  2 two-headed ogres
  3 death yaks (Lair:2)
  Pikel (D:6)
  A deep elf pyromancer (D:10)
  3 elephants (Lair:2)
  2 black mambas
  Maurice (D:9)
  Joseph (D:9)
  Maggie (D:9)
  4 komodo dragons
  2 slime creatures (D:5)
  A snapping turtle (Lair:2)
  Sigmund (D:4)
  3 wyverns
  Eustachio (D:5)
  2 wraiths
  2 basilisks
  10 yaks
  2 steam dragons
  4 vampire mosquitoes (D:10)
  Menkaure (D:6)
  A warg (D:9)
  Edmund (D:3)
  4 water moccasins
  An acid dragon (D:9)
  Duvessa (D:4)
  4 orc warriors
  A black bear (D:7)
  3 sky beasts
  An ice beast (D:6)
  5 wolves (Lair:2)
  An ogre (D:6)
  5 centaurs
  A lemure (D:6)
  3 phantoms
  11 kobold brigands
  Blork the orc (D:4)
  5 bullfrogs
  4 scorpions
  Dowan (D:4)
  3 killer bees (D:8)
  3 wights
  2 howler monkeys
  2 electric eels (Lair:2)
  2 centaur zombies
  3 orc priests
  4 jellies
  5 hounds
  3 centaur skeletons
  2 gnoll shamans
  2 iguanas
  4 orc wizards
  A killer bee zombie (D:8)
  A hound skeleton (D:4)
  11 adders
  10 gnolls
  3 river rats (Sewer)
  2 white imps
  2 adder skeletons (D:4)
  3 worms
  3 dart slugs
  21 orcs
  6 ball pythons
  13 endoplasms
  7 giant cockroaches
  12 goblins
  8 hobgoblins
  4 quokkas
  7 bats
  4 frilled lizards
  A jackal zombie (D:5)
  22 kobolds
  13 rats
  4 fulminant prisms
302 creatures vanquished.

Vanquished Creatures (others)
  A cane toad (Lair:1)
  A komodo dragon (D:10)
  A yak (Lair:1)
  A black bear (Lair:1)
  A bullfrog (D:9)
  A jelly (D:5)
  A quokka (D:3)
  A kobold (D:6)
  72 fulminant prisms
  16 fungi
  25 plants
  10 toadstools (D:5)
131 creatures vanquished.

Grand Total: 433 creatures vanquished

Notes
Turn   | Place    | Note
-------+----------+-------------------------------------------
     0 | D:1      | Smaepdii the Gnoll Wanderer began the quest for the Orb.
     0 | D:1      | Smaepdii set off with the following items: a +0 club, a +0
                  | robe; and the following spells available to memorise: Call
                  | Imp, Sting, Magic Dart, Blink, Slow, Mephitic Cloud,
                  | Conjure Flame
     0 | D:1      | Reached XP level 1. HP: 20/20 MP: 6/6
    24 | D:1      | Learned a level 1 spell: Sting
    24 | D:1      | Found a faded altar of an unknown god.
   237 | D:1      | Became a worshipper of Ru the Awakened
   250 | D:1      | Gained mutation: You cannot train Dodging skill. [Ru
                  | sacrifice]
   250 | D:1      | Reached * piety under Ru
   321 | D:1      | Reached XP level 2. HP: 26/26 MP: 3/7
   735 | D:1      | Reached XP level 3. HP: 31/31 MP: 2/9
   900 | D:1      | Reached skill level 5 in Spellcasting
  1280 | D:2      | Reached skill level 1 in Invocations
  1438 | D:2      | Reached skill level 1 in Short Blades
  1438 | D:2      | Reached skill level 1 in Long Blades
  1438 | D:2      | Reached skill level 1 in Axes
  1438 | D:2      | Reached skill level 1 in Maces & Flails
  1438 | D:2      | Reached skill level 1 in Polearms
  1438 | D:2      | Reached skill level 1 in Slings
  1438 | D:2      | Reached skill level 1 in Bows
  1438 | D:2      | Reached skill level 1 in Crossbows
  1438 | D:2      | Reached skill level 1 in Throwing
  1438 | D:2      | Reached skill level 1 in Armour
  1438 | D:2      | Reached skill level 1 in Shields
  1438 | D:2      | Reached skill level 1 in Unarmed Combat
  1745 | D:3      | Reached XP level 4. HP: 38/38 MP: 9/11
  2049 | D:3      | Found Gosodd's Jewellery Boutique.
  2192 | D:3      | Found a sacrificial altar of Ru.
  2254 | D:3      | Gained mutation: You cannot train Armour skill. [Ru
                  | sacrifice]
  2254 | D:3      | Reached ** piety under Ru
  2254 | D:3      | Reached *** piety under Ru
  2488 | D:3      | Found a glowing golden altar of the Shining One.
  2706 | D:4      | Noticed Edmund
  2774 | D:4      | Found Ojumny's Weapon Boutique.
  2791 | D:4      | Reached skill level 1 in Conjurations
  2791 | D:4      | Reached skill level 1 in Hexes
  2791 | D:4      | Reached skill level 1 in Necromancy
  2791 | D:4      | Reached skill level 1 in Translocations
  2791 | D:4      | Reached skill level 1 in Transmutations
  2791 | D:4      | Reached skill level 1 in Fire Magic
  2791 | D:4      | Reached skill level 1 in Ice Magic
  2791 | D:4      | Reached skill level 1 in Air Magic
  2791 | D:4      | Reached skill level 1 in Earth Magic
  2925 | D:4      | Learned a level 2 spell: Blink
  2928 | D:4      | Learned a level 2 spell: Slow
  2930 | D:4      | Learned a level 1 spell: Magic Dart
  3032 | D:4      | Reached XP level 5. HP: 43/43 MP: 7/12
  3102 | D:4      | Noticed Dowan
  3156 | D:3      | Killed Edmund
  3157 | D:3      | Reached XP level 6. HP: 43/50 MP: 1/13
  3421 | D:3      | Reached skill level 5 in Fighting
  3489 | D:3      | Learned a level 3 spell: Spider Form
  3493 | D:3      | Learned a level 3 spell: Conjure Flame
  3723 | D:4      | Reached XP level 7. HP: 56/56 MP: 12/15
  3743 | D:4      | Learned a level 3 spell: Mephitic Cloud
  3777 | D:4      | Noticed Blork the orc
  3797 | D:4      | Killed Blork the orc
  3916 | D:4      | Noticed Sigmund
  3932 | D:4      | Killed Dowan
  3954 | D:4      | Noticed Duvessa
  4002 | D:4      | Killed Duvessa
  4082 | D:4      | Killed Sigmund
  4253 | D:4      | Reached XP level 8. HP: 48/63 MP: 13/16
  4712 | D:5      | Entered Level 5 of the Dungeon
  4931 | D:5      | You fall into a shaft and drop 3 floors!
  5003 | D:8      | Noticed a two-headed ogre
  5281 | D:6      | Gained mutation: You sometimes lose the ability to read
                  | scrolls when taking damage. [Ru sacrifice]
  5281 | D:6      | Reached **** piety under Ru
  5281 | D:6      | Reached ***** piety under Ru
  5354 | D:6      | Found a glowing drain.
  5371 | Sewer    | Entered a sewer
  5445 | Sewer    | Reached skill level 5 in Summonings
  5445 | Sewer    | Reached XP level 9. HP: 69/69 MP: 18/18
  6433 | D:5      | Noticed Eustachio
  6451 | D:5      | Killed Eustachio
  6452 | D:5      | Reached skill level 5 in Staves
  6452 | D:5      | Reached skill level 5 in Evocations
  6452 | D:5      | Found Rootruat's Magic Scroll Shoppe.
  6479 | D:5      | Found Huas Ocry's Book Shoppe.
  6493 | D:5      | Bought a scroll of identify for 28 gold pieces
  6738 | D:5      | Reached skill level 5 in Stealth
  6885 | D:5      | Found Duupn's Weapon Boutique.
  7520 | D:5      | Reached skill level 5 in Invocations
  7853 | D:5      | Reached XP level 10. HP: 56/77 MP: 20/20
  8168 | D:6      | Found Qohazeom's Elemental Accessories.
  8176 | D:6      | Noticed Menkaure
  8177 | D:6      | Noticed Pikel
  8203 | D:6      | Killed Menkaure
  8206 | D:6      | Killed Pikel
  8207 | D:6      | Reached skill level 5 in Short Blades
  8207 | D:6      | Reached skill level 5 in Long Blades
  8207 | D:6      | Reached skill level 5 in Axes
  8207 | D:6      | Reached skill level 5 in Maces & Flails
  8207 | D:6      | Reached skill level 5 in Polearms
  8207 | D:6      | Reached skill level 5 in Slings
  8207 | D:6      | Reached skill level 5 in Bows
  8207 | D:6      | Reached skill level 5 in Crossbows
  8207 | D:6      | Reached skill level 5 in Throwing
  8207 | D:6      | Reached skill level 5 in Shields
  8207 | D:6      | Reached skill level 5 in Unarmed Combat
  8660 | D:6      | Learned a level 4 spell: Fulminant Prism
  8665 | D:6      | Learned a level 4 spell: Ice Form
  8922 | D:6      | Found a hazy altar of Hepliaklqana.
  8940 | D:6      | Found a staircase to the Ecumenical Temple.
  9732 | D:7      | Reached skill level 5 in Poison Magic
  9738 | D:7      | Gained mutation: You cannot study or use magical devices.
                  | [Ru sacrifice]
  9738 | D:7      | Reached ****** piety under Ru
 10275 | D:7      | Killed a two-headed ogre
 10637 | D:8      | Found a transporter.
 10637 | D:8      | Found a transporter.
 11235 | D:8      | Noticed a boulder beetle
 11571 | D:9      | Noticed Maggie
 11595 | D:9      | Killed Maggie
 11596 | D:9      | Reached XP level 11. HP: 84/84 MP: 15/22
 11708 | D:9      | Found a blossoming altar of Fedhas.
 11723 | D:9      | Noticed a boulder beetle
 11732 | D:9      | Noticed Joseph
 11760 | D:9      | Killed a boulder beetle
 11761 | D:9      | Reached skill level 5 in Conjurations
 11761 | D:9      | Reached skill level 5 in Hexes
 11761 | D:9      | Reached skill level 5 in Necromancy
 11761 | D:9      | Reached skill level 5 in Translocations
 11761 | D:9      | Reached skill level 5 in Transmutations
 11761 | D:9      | Reached skill level 5 in Fire Magic
 11761 | D:9      | Reached skill level 5 in Ice Magic
 11761 | D:9      | Reached skill level 5 in Air Magic
 11761 | D:9      | Reached skill level 5 in Earth Magic
 11762 | D:9      | Killed Joseph
 11900 | D:9      | Found a glowing silver altar of Zin.
 11900 | D:9      | Found a basalt altar of Yredelemnul.
 11951 | D:9      | Learned a level 4 spell: Dispel Undead
 12110 | D:9      | Noticed Maurice
 12133 | D:9      | Killed Maurice
 12412 | D:9      | Found a staircase to the Orcish Mines.
 12866 | D:9      | Noticed an ice dragon
 12892 | D:9      | Killed an ice dragon
 12964 | D:9      | Identified the amulet of Qyer {Acrobat rPois Str+4 Int+2
                  | SInv}
 13193 | D:10     | Entered Level 10 of the Dungeon
 13230 | D:10     | Noticed a deep elf pyromancer
 13245 | D:10     | Killed a deep elf pyromancer
 13389 | D:10     | Noticed a centaur warrior
 13406 | D:10     | Killed a centaur warrior
 13491 | D:10     | Found a staircase to the Lair.
 13517 | D:10     | Noticed a two-headed ogre
 13537 | D:10     | Killed a two-headed ogre
 13814 | D:10     | Noticed Fannar
 13853 | D:10     | Killed Fannar
 13854 | D:10     | Reached XP level 12. HP: 92/94 MP: 21/24
 14344 | Lair:1   | Entered Level 1 of the Lair of Beasts
 14514 | Lair:1   | Noticed a six-headed hydra
 14526 | Lair:1   | Killed a six-headed hydra
 15985 | Lair:2   | Got Icweus's Handbook of the Unholy Compass
 16180 | Lair:2   | Noticed Gastronok
 16244 | Lair:2   | Noticed a catoblepas
 16245 | Lair:2   | Noticed an eight-headed hydra
 16249 | Lair:2   | Noticed a death yak
 16249 | Lair:2   | Noticed a death yak
 16596 | Lair:2   | Found a staircase to the Shoals.
 17414 | Lair:2   | Killed a catoblepas
 17659 | Lair:2   | Killed Gastronok
 17928 | Lair:2   | Noticed a death yak
 17946 | Lair:2   | Killed a death yak
 17952 | Lair:2   | Killed a death yak
 17959 | Lair:2   | Killed a death yak
 17960 | Lair:2   | Reached XP level 13. HP: 56/101 MP: 23/26
 18234 | Lair:3   | Found a hole to the Spider Nest.
 18865 | Lair:2   | Slain by an eight-headed hydra

Illustrated notes

Levels and vault maps discovered:
D:1:      co_arrival_square_in_a_square_in_a_square, layout_rooms,
          ebering_ecumenical_altar_abandoned
D:2:      layout_basic, kennysheep_generic_room_12
D:3:      layout_basic, tso_altar, amcnicky_altar_gilded, serial_shops,
          nicolae_shop_statue_plus, minivault_25
D:4:      layout_basic, serial_shops, kennysheep_little_box, uniq_edmund,
          uniq_duvessa, uniq_blork_the_orc, uniq_sigmund
D:5:      cheibrodos_fertilizer, layout_loops_ring, serial_shops, shop,
          shop_coins, shop, enter_ossuary_3, uniq_eustachio
D:6:      layout_basic, mainiacjoe_overflow_six_doors_small,
          minmay_temple_entry_trees, portal_sewer_entry_f, nicolae_sextant,
          nicolae_elemental_shop, uniq_menkaure, uniq_pikel
D:7:      layout_loops_ring
D:8:      gammafunk_boulding_lane, layout_basic
D:9:      dragon1_lemuel, layout_stronghold, mainiacjoe_overflow_chevrons,
          mainiacjoe_overflow_divided_tiny, minmay_orc_entry_guard_dogs,
          roderic_serpentine_path, uniq_maggie, uniq_joseph, uniq_maurice
D:10:     layout_roguey, david_lair_shrubbed, uniq_fannar
Lair:1:   layout_regular_city, minmay_lair_oklob_chamber, grunt_megastairs_2,
          infiniplex_staircase_pool
Lair:2:   layout_cave_pods, minmay_shoals_entry_hut, serial_bayou_shore_b,
          uniq_gastronok
Lair:3:   layout_cave_pods, dummy_spider_entry, chequers_serial_rivers_small_a,
          nzn_sisyphean_effort, grunt_megastairs_3

Skill      XL: |  1  2  3  4  5  6  7  8  9 10 11 12 13 |
---------------+----------------------------------------+-----
Poison Magic   | 2 3 4 5 6 7 |  7.0
Spellcasting   | 5 6 7 8 9 |  9.4
Invocations    | 1 2 3 4 5 6 7 8 |  8.7
Short Blades   | 1 2 3 4 5 6 7 |  7.9
Long Blades    | 1 2 3 4 5 6 7 |  7.9
Axes           | 1 2 3 4 5 6 7 |  7.9
Maces & Flails | 1 2 3 4 5 6 7 |  7.9
Polearms       | 1 2 3 4 5 6 7 |  7.9
Slings         | 1 2 3 4 5 6 7 |  7.9
Bows           | 1 2 3 4 5 6 7 |  7.9
Crossbows      | 1 2 3 4 5 6 7 |  7.9
Throwing       | 1 2 3 4 5 6 7 |  7.9
Armour         | 1 0 |  0.0
Shields        | 1 2 3 4 5 6 7 |  7.9
Unarmed Combat | 1 2 3 4 5 6 7 |  7.9
Conjurations   | 1 2 3 4 5 6 |  6.6
Hexes          | 1 2 3 4 5 6 |  6.6
Necromancy     | 1 2 3 4 5 6 |  6.6
Translocations | 1 2 3 4 5 6 |  6.6
Transmutations | 1 2 3 4 5 6 |  6.6
Fire Magic     | 1 2 3 4 5 6 |  6.6
Ice Magic      | 1 2 3 4 5 6 |  6.6
Air Magic      | 1 2 3 4 5 6 |  6.6
Earth Magic    | 1 2 3 4 5 6 |  6.6
Staves         | 3 4 5 6 7 8 |  8.4
Stealth        | 3 4 5 6 7 8 |  8.3
Summonings     | 4 5 6 7 |  7.7
Evocations     | 3 4 5 0 |  0.0
Fighting       | 5 6 7 8 9 |  9.2

Action                   |  1- 3 |  4- 6 |  7- 9 | 10-12 | 13-15 || total
-------------------------+-------+-------+-------+-------+-------++-------
Melee: Spear             |    56 |     8 |       |       |       ||    64
       Bite              |     3 |     6 |    11 |    11 |       ||    31
       Staff             |       |    31 |   147 |   125 |     1 ||   304
       Unarmed           |       |    15 |   125 |   241 |    29 ||   410
       Punch             |       |       |     2 |     4 |       ||     6
 Cast: Sting             |    60 |    71 |   130 |   102 |       ||   363
       Magic Dart        |       |    24 |       |       |       ||    24
       Spider Form       |       |     2 |    11 |     6 |       ||    19
       Mephitic Cloud    |       |       |    44 |    60 |     5 ||   109
       Conjure Flame     |       |       |    15 |    12 |     1 ||    28
       Slow              |       |       |     4 |     7 |       ||    11
       Fulminant Prism   |       |       |       |    70 |     6 ||    76
       Ice Form          |       |       |       |    25 |     3 ||    28
       Blink             |       |       |       |       |     4 ||     4
Invok: Sacrifice Nimblen |     1 |       |       |       |       ||     1
       Sacrifice Durabil |       |     1 |       |       |       ||     1
       Draw Out Power    |       |     1 |       |     6 |     1 ||     8
       Sacrifice Words   |       |       |     1 |       |       ||     1
       Sacrifice Artific |       |       |       |     1 |       ||     1
       Apocalypse        |       |       |       |     1 |       ||     1
Evoke: Wand              |       |     1 |     1 |       |       ||     2
  Use: Scroll            |       |       |     7 |    15 |       ||    22
       Potion            |       |       |       |     2 |     2 ||     4
 Stab: Paralysed         |       |     5 |       |    11 |       ||    16
       Invisible         |       |     1 |     2 |     3 |     1 ||     7
       Distracted        |       |       |     2 |     2 |       ||     4
       Confused          |       |       |     1 |    12 |       ||    13
       Sleeping          |       |       |       |     1 |       ||     1
Armor: Robe              |    14 |    11 |    19 |    42 |    12 ||    98
       Skin              |       |       |     3 |    40 |    16 ||    59
       Steam dragon scal |       |       |       |     4 |       ||     4
Dodge: Dodged            |    44 |    66 |   193 |   292 |    90 ||   685

Table legend: (Time is in decaauts)
 A = Elapsed time spent in this place.
 B = Non-inter-level travel time spent in this place.
 C = Inter-level travel time spent in this place.
 D = Time resting spent in this place.
 E = Time spent auto-exploring this place.
 F = Levels seen in this place.
 G = Mean time per level.
                   A        B        C        D        E       F      G
               +--------+--------+--------+--------+--------+-----+--------+
         Total |  19040 |  18694 |    346 |   5257 |   7801 |  14 | 1360.0 |
       Dungeon |  13412 |  13120 |    292 |   3058 |   5888 |  10 | 1341.2 |
          Lair |   4503 |   4450 |     53 |   1995 |   1483 |   3 | 1501.0 |
         Sewer |   1124 |   1124 |      0 |    204 |    429 |   1 | 1124.0 |
               +--------+--------+--------+--------+--------+-----+--------+

Top non-repeatable levels by time:
  Lair:2: 2699 daAuts
     D:5: 1939 daAuts
  Lair:1: 1786 daAuts
     D:9: 1669 daAuts
     D:4: 1638 daAuts
     D:7: 1420 daAuts
     D:6: 1354 daAuts
     D:3: 1298 daAuts
     D:1: 1252 daAuts
    D:10: 1149 daAuts
     D:8: 1135 daAuts
   Sewer: 1124 daAuts
     D:2: 554 daAuts
  Lair:3: 18 daAuts
